 Dungeon Crawl Stone Soup version 0.32-a0-350-g4f4d228785 (webtiles) character file.

Game seed: 199720696585030305

49 innerfire43 the Trooper (level 3, -1/29 HPs)
             Began as a Demonspawn Monk on Feb 17, 2024.
             Slain by Robin
             ... wielding a +1 spear of venom
              (3 damage)
             ... on level 2 of the Dungeon.
             The game lasted 00:00:34 (619 turns).

innerfire43 the Trooper (Demonspawn Monk)            Turns: 619, Time: 00:00:34

Health: -1/29      AC:  2    Str: 13    XL:     3   Next: 53%
Magic:  3/3        EV: 13    Int: 10    God:
Gold:   60         SH:  0    Dex: 15    Spells: 2/2 levels left

rFire   x . .        a - +0 hand axe
rCold   + . .        d - orb {light}
rNeg    . . .        b - +0 robe
rPois   .            (no helmet)
rElec   .            (no cloak)
rCorr   .            (no gloves)
SInv    .            (no boots)
Will    .....        (no amulet)
Stlth   +            e - ring of ice
HPRegen 0.24/turn    (no ring)
MPRegen 0.08/turn

%: no passive effects
@: lethally poisoned (-1 -> -7), glowing
A: demonic touch 1
a: no special abilities


You were on level 2 of the Dungeon.
You visited 1 branch of the dungeon, and saw 2 of its levels.

You collected 60 gold pieces.

Inventory:

Hand Weapons
 a - a +0 hand axe (weapon)
Armour
 b - a +0 robe (worn)
 d - an orb of light (worn)
Jewellery
 e - a ring of ice (left hand)
Potions
 c - a potion of ambrosia
 f - a potion of resistance {unknown}
 g - a potion of attraction {unknown}


   Skills:
 + Level 3.6 Fighting
 + Level 3.2 Axes
 + Level 3.2 Dodging


You had 2 spell levels left.
You didn't know any spells.
Your spell library was empty.

Dungeon Overview and Level Annotations

Branches:
Dungeon (2/15)

Altars:

Annotations:
D:2 Robin


Innate Abilities, Weirdness & Mutations

Your touch may inflict minor irresistible damage on your foes.


Message History

Robin is moderately wounded.
A rat comes into view.
Robin hits you with a +1 spear of venom.
Robin throws the goblin at you!
You barely miss Robin.
Robin is moderately wounded.
You hit the goblin but do no damage. Robin misses you.
The goblin barely misses you.
You hit Robin.
Robin is heavily wounded.
You closely miss the goblin.
Robin hits you with a +1 spear of venom.
You are poisoned.
The goblin misses you.
You hit Robin.
Robin is severely wounded.
You hit the goblin.
You kill the goblin!
You feel sick.
Robin roars a battlecry!
The goblin goes into a battle-frenzy!
You hit Robin but do no damage.
Robin is severely wounded.
You feel sick.
Robin hits you with a +1 spear of venom.
You are lethally poisoned!
Unknown command.
You hit Robin but do no damage.
Robin is severely wounded.
* * * LOW HITPOINT WARNING * * *
You feel very sick.
Robin hits you with a +1 spear of venom.
* * * LOW HITPOINT WARNING * * *
You hit Robin but do no damage.
Robin is severely wounded.
* * * LOW HITPOINT WARNING * * *
You feel sick.
Robin hits you with a +1 spear of venom.
You die...
Robin calls out, "Let's celebrate!
Time for a feast!"

#. #.# . #. #.#
..#.##..
...>.####
.......
###.#.#########
#...(.)@ggr...#
#.#..)#######.#
#...#<...#
#...####.##
#.........#
#.#########
#........
#.####### #.#


You could see Robin, a goblin (strong) and a rat.

Vanquished Creatures
  A dart slug (D:1)
  2 ball pythons (D:1)
  3 endoplasms (D:1)
  3 giant cockroaches (D:1)
  8 goblins
  2 kobolds (D:1)
  A quokka (D:1)
  2 frilled lizards (D:1)
  4 rats (D:1)
26 creatures vanquished.

Notes
Turn   | Place    | Note
-------+----------+-------------------------------------------
     0 | D:1      | innerfire43 the Demonspawn Monk began the quest for the
                  | Orb.
     0 | D:1      | Reached XP level 1. HP: 18/18 MP: 1/1
   104 | D:1      | Gained mutation: Your touch may inflict minor irresistible
                  | damage on your foes. [demonic ancestry]
   104 | D:1      | Reached XP level 2. HP: 23/24 MP: 2/2
   312 | D:1      | Reached XP level 3. HP: 17/29 MP: 3/3
   604 | D:2      | Noticed Robin
   619 | D:2      | Slain by Robin

Illustrated notes

Levels and vault maps discovered:
D:1:      elethiomel_arrival_shortcut, layout_basic
D:2:      layout_basic, uniq_robin

Skill      XL: |  1  2 |
---------------+-------+-----
Dodging        | 3 |  3.2
Axes           | 3 |  3.2
Fighting       | |  3.6

Action                     || total
---------------------------++-------
  Melee: Hand axe          ||    56
 Armour: Robe              ||    33
  Dodge: Dodged            ||    30

Table legend: (Time is in decaauts)
 A = Elapsed time spent in this place.
 B = Non-inter-level travel time spent in this place.
 C = Inter-level travel time spent in this place.
 D = Time resting spent in this place.
 E = Time spent auto-exploring this place.
 F = Levels seen in this place.
 G = Mean time per level.
                   A        B        C        D        E       F      G
               +--------+--------+--------+--------+--------+-----+--------+
         Total |    626 |    626 |      0 |      0 |    485 |   2 |  313.0 |
       Dungeon |    626 |    626 |      0 |      0 |    485 |   2 |  313.0 |
               +--------+--------+--------+--------+--------+-----+--------+

Top non-repeatable levels by time:
     D:1: 590 daAuts
     D:2: 36 daAuts
